 Dungeon Crawl Stone Soup version 0.22-a0-305-gd21a89c (webtiles) character file.

64 grindst0ne the Skirmisher (level 4, -3/37 HPs)
             Began as a Formicid Abyssal Knight on Mar 29, 2018.
             Was a Follower of Lugonu.
             Slain by an orc priest
             ... wielding a +0 dagger
              (6 damage)
             ... on level 3 of the Dungeon.
             The game lasted 00:04:28 (2219 turns).

grindst0ne the Skirmisher (Formicid Abyssal Knight) Turns: 2219, Time: 00:04:29

Health: -3/37      AC:  3    Str: 15 (17) XL:     4   Next: 32%
Magic:  6/6        EV: 11    Int: 11 (12) God:    Lugonu [*.....]
Gold:   131        SH:  0    Dex:  7 (10) Spells: 3/3 levels left

rFire    . . .     SeeInvis +   a - +1 hand axe
rCold    . . .     Gourm    .   (no shield)
rNeg     . . .     Faith    .   b - +0 leather armour
rPois    .         Spirit   .   (helmet unavailable)
rElec    .         Reflect  .   (no cloak)
rCorr    .         Harm     .   (no gloves)
MR       .....                  (no boots)
Stlth    +.........             (no amulet)
HPRegen  0.12/turn              (no ring)
MPRegen  0.10/turn              (no ring)

@: no status effects
A: permanent stasis, dig shafts and tunnels, four strong arms, antennae 3
a: Dig, Shaft Self, Depart the Abyss, Renounce Religion


You were on level 3 of the Dungeon.
You worshipped Lugonu.
Lugonu was aware of your devotion.
You were hungry.

You visited 1 branch of the dungeon, and saw 4 of its levels.
You visited the Abyss 1 time.

You collected 131 gold pieces.

Inventory:

Hand Weapons
 a - a +1 hand axe (weapon)
Missiles
 e - a tomahawk (quivered)
Armour
 b - a +0 leather armour (worn)
Jewellery
 m - a cursed amulet of inaccuracy {unknown}
Scrolls
 d - a scroll of enchant armour {unknown}
 f - 3 scrolls of identify {unknown}
 i - a scroll of remove curse {unknown}
 j - 2 scrolls of teleportation {unknown}
 l - a scroll of amnesia {unknown}
 o - a scroll of immolation {unknown}
Potions
 k - a potion of heal wounds
Comestibles
 c - 3 rations
 g - a chunk of flesh


   Skills:
 + Level 4.0 Fighting
 - Level 2.5 Axes
 + Level 3.0 Armour
 - Level 0.8 Dodging
 + Level 3.1 Invocations


You had 3 spell levels left.
You didn't know any spells.

Dungeon Overview and Level Annotations

Branches:
Dungeon (4/15)
 Temple: D:4-7

Altars:

Annotations:
D:2 Crazy Yiuf


Innate Abilities, Weirdness & Mutations

You cannot be hasted, slowed, berserked, paralysed or teleported.
You can dig through walls and to a lower floor.
Your four strong arms can wield two-handed weapons with a shield.
You have a pair of large antennae on your head. (SInv)


Message History

You kill the hobgoblin!
Lugonu accepts your kill.
The orc priest calls down the wrath of Beogh upon you.
Pain shoots through your body!
The orc priest hits you but does no damage.
A kobold comes into view. It is wielding a dagger.
You see here a club.
You completely miss the orc priest.
The kobold shouts!
The orc priest hits you but does no damage.
You hit the orc priest.
The orc priest is lightly wounded.
The orc priest mumbles some strange prayers to Beogh against you.
Beogh smites you!
* * * LOW HITPOINT WARNING * * *
The orc priest barely misses you.
Are you sure you want to shaft yourself?
You are feeling hungry.
The orc priest hits you with a dagger.
You die...

#.....#
#.....#
#.)...#
#.....#
###)###
#.# #.#
#.#
###@#
#Ko.#
#.###
#. #.
#. { ..
{.o .o


You could see an orc priest and a kobold.

Vanquished Creatures
  An adder (D:4)
  An adder skeleton (D:4)
  A worm (D:2)
  A leopard gecko (D:1)
  6 bats (D:1)
  2 giant cockroaches (D:1)
  7 goblins
  6 hobgoblins
  6 jackals (D:1)
  3 kobolds
  4 frilled lizards (D:1)
  4 rats (D:1)
42 creatures vanquished.

Vanquished Creatures (others)
  A plant (D:1)
1 creature vanquished.

Grand Total: 43 creatures vanquished

Notes
Turn   | Place    | Note
-------+----------+-------------------------------------------
     0 | Abyss:1  | grindst0ne the Formicid Abyssal Knight began the quest for the Orb.
     0 | Abyss:1  | Reached XP level 1. HP: 18/18 MP: 2/2
    61 | Abyss:1  | Noticed an iron imp
    72 | Abyss:1  | Noticed a small abomination
    75 | Abyss:1  | Noticed a large abomination
    76 | Abyss:1  | Noticed a wight
    89 | Abyss:1  | Noticed an orange demon
    89 | Abyss:1  | Noticed a large abomination
    89 | Abyss:1  | Noticed a ynoxinul
    90 | D:1      | Escaped the Abyss
   151 | D:1      | Reached XP level 2. HP: 22/24 MP: 3/3
   154 | D:1      | Reached * piety under Lugonu
   504 | D:1      | Reached XP level 3. HP: 28/29 MP: 4/4
  1248 | D:2      | Found a runed door.
  1289 | D:2      | Reached ** piety under Lugonu
  1730 | D:2      | Noticed Crazy Yiuf
  1758 | D:2      | You fall through a shaft for 2 floors!
  2022 | D:4      | Reached XP level 4. HP: 30/37 MP: 6/6
  2152 | D:4      | Reached skill level 4 in Fighting
  2219 | D:3      | Slain by an orc priest

Vault maps used:
D:1:      ncdulo_halloftheorcs, serial_forest, infiniplex_forest_straight_2,
          infiniplex_forest_end_1, infiniplex_forest_lined_ring,
          infiniplex_forest_clump_large, infiniplex_forest_zigzag_1,
          infiniplex_forest_lined_2, infiniplex_forest_clump_curved,
          infiniplex_forest_clump_diagonal, minmay_cut_off
D:2:      first_ration, uniq_crazy_yiuf_cottage
D:4:      minmay_misc_feat_x, minmay_mini_ossuary, uniq_grinder
Abyss:1:  bh_abyss_exit_spiral, serial_sigils_hangedman_shear, minivault_24

Skill      XL: |  1  2  3  4 |
---------------+-------------+-----
Invocations    | 3 |  3.1
Fighting       | 4 |  4.0
Armour         | 3 |  3.0
Axes           | |  2.5
Dodging        | |  0.8

Action                   |  1- 3 |  4- 6 || total
-------------------------+-------+-------++-------
Melee: Hand axe          |   146 |    15 ||   161
Throw: Tomahawk          |     3 |       ||     3
Invok: Depart the Abyss  |     1 |       ||     1
 Abil: Shaft Self        |     1 |     1 ||     2
  Use: Potion            |     4 |       ||     4
  Eat: Ration            |     1 |       ||     1
       Chunk             |     1 |       ||     1
Armor: Leather armour    |    49 |     4 ||    53
Dodge: Dodged            |    94 |     8 ||   102

Table legend:
 A = Spawn XP
 B = Non-spawn XP
 C = Spawn XP percentage of total XP
 D = Spawn monster count
 E = Non-spawn monster count
 F = Spawn count percentage of total count
 G = Total turns spent on level
                    A         B        C        D         E        F      G
               +---------+---------+-------+---------+---------+-------+---------
         Total |       0 |      92 |   0.0 |       0 |      42 |   0.0 |  2219
               +---------+---------+-------+---------+---------+-------+---------
           D:1 |       0 |      58 |   0.0 |       0 |      34 |   0.0 |   965
           D:2 |       0 |       9 |   0.0 |       0 |       3 |   0.0 |   703
           D:3 |       0 |       6 |   0.0 |       0 |       3 |   0.0 |    34
           D:4 |       0 |      19 |   0.0 |       0 |       2 |   0.0 |   427
               +---------+---------+-------+---------+---------+-------+---------
